 Dungeon Crawl Stone Soup version 0.24-a0-439-g6dd8730de2 (webtiles) character file.

Game seed: 2455069602734278512

17526 nikopol the Thaumaturge (level 12, -1/61 HPs)
             Began as a Deep Elf Fire Elementalist on June 18, 2019.
             Was an Elder of Vehumet.
             Slain by a wolf (7 damage)
             ... on level 3 of the Lair of Beasts.
             The game lasted 00:51:56 (15979 turns).

nikopol the Thaumaturge (DEFE)                     Turns: 15979, Time: 00:51:57

Health: -1/61      AC:  6    Str:  5    XL:     12   Next: 19%
Magic:  32/32      EV: 16    Int: 26    God:    Vehumet [****..]
Gold:   228        SH:  5    Dex: 15    Spells: 13/40 levels left

rFire    + . .     SeeInvis .   w - staff of energy
rCold    x . .     Gourm    .   C - +0 buckler
rNeg     . . .     Faith    .   a - +0 robe
rPois    .         Spirit   .   J - +0 helmet
rElec    .         Reflect  .   h - +2 cloak
rCorr    .         Harm     .   (no gloves)
MR       +....                  (no boots)
Stlth    +++.......             (no amulet)
HPRegen  0.20/turn              l - +1 ring of evasion
MPRegen  0.23/turn              r - ring of fire

@: about to teleport, lightly drained
A: no striking features
a: Renounce Religion


You were on level 3 of the Lair of Beasts.
You worshipped Vehumet.
Vehumet was greatly pleased with you.
You were not hungry.

You visited 2 branches of the dungeon, and saw 14 of its levels.

You collected 710 gold pieces.
You spent 482 gold pieces at shops.

Inventory:

Hand Weapons
 e - a +2 short sword of draining
Armour
 a - a +0 robe (worn)
 h - a +2 cloak (worn)
 C - a +0 buckler (worn)
 J - a +0 helmet (worn)
Magical Staves
 w - an uncursed staff of energy (weapon)
 H - an uncursed staff of wizardry
Jewellery
 l - a +1 ring of evasion (left hand)
 r - a ring of fire (right hand)
Wands
 j - a wand of flame (31)
 n - a wand of enslavement (9)
 p - a wand of random effects (17)
 t - a wand of iceblast (11)
 x - a wand of acid (13)
 E - a wand of digging (5)
Scrolls
 b - 3 scrolls of teleportation
 f - 2 scrolls of magic mapping
 g - 6 scrolls of amnesia
 i - a scroll of fog {unknown}
 k - 4 scrolls of remove curse
 q - 2 scrolls of enchant weapon {unknown}
 s - a scroll of summoning {unknown}
 v - 3 scrolls of enchant armour {unknown}
 y - a scroll of blinking {unknown}
 B - a scroll of immolation {unknown}
 K - 2 scrolls of identify
 L - a scroll of noise {unknown}
 M - 3 scrolls of acquirement {unknown}
Potions
 d - 6 potions of curing
 m - 2 potions of degeneration
 o - a potion of heal wounds
 u - a potion of resistance
 z - a potion of invisibility
 A - 2 potions of magic
 D - a potion of cancellation
 F - a potion of flight
 G - a potion of mutation
 I - a potion of haste {unknown}
Comestibles
 c - 27 rations


   Skills:
 + Level 1.2(0.8) Fighting
 + Level 6.2(5.7) Dodging
 + Level 4.3(3.9) Stealth
 + Level 4.1(3.7) Shields
 + Level 14.5(14.0) Spellcasting
 + Level 11.2(10.8) Conjurations
 + Level 11.4(10.9) Fire Magic
 + Level 2.4(2.1) Air Magic
 + Level 1.1(0.8) Evocations


You had 13 spell levels left.
You knew the following spells:

 Your Spells              Type           Power        Failure   Level  Hunger
a - Flame Tongue          Conj/Fire      #####        1%          1    None
b - Throw Flame           Conj/Fire      ######       1%          2    None
c - Conjure Flame         Conj/Fire      #######.     1%          3    None
d - Sticky Flame          Conj/Fire      #######.     1%          4    None
e - Fireball              Conj/Fire      #######...   1%          5    None
f - Airstrike             Air            ####......   3%          4    None
g - Bolt of Fire          Conj/Fire      #######...   1%          6    None
k - Blink                 Tloc           N/A          4%          2    None

Your spell library contained the following spells:

 Spells                   Type           Power        Failure   Level  Hunger
 Magic Dart               Conj           ####         1%          1    None
 Inner Flame              Hex/Fire       ######..     1%          3    None
 Mephitic Cloud           Conj/Pois/Air  #####...     1%          3    None
 Confusing Touch          Hex            ###...       3%          1    None
 Call Imp                 Summ           ###.....     4%          2    None
 Slow                     Hex            ###.....     4%          2    None
 Confuse                  Hex            ###.....     10%         3    None
 Gell's Gravitas          Tloc           ###.......   10%         3    None
 Poison Arrow             Conj/Pois      #####.....   14%         6    None
 Yara's Violent Unravell  Hex/Tmut       ###.......   22%         5    None
 Petrify                  Tmut/Erth      ###.....     30%         4    None
 Metabolic Englaciation   Hex/Ice        ###.......   65%         5    None
 Chain Lightning          Conj/Air       ######....   96%         8    None
 Lehudib's Crystal Spear  Conj/Erth      #####.....   99%         8    None
 Fire Storm               Conj/Fire      #######...   100%        9    None
 Glaciate                 Conj/Ice       #####.....   100%        9    None


Dungeon Overview and Level Annotations

Branches:
Dungeon (11/15)            Temple (0/1) D:7            Lair (3/6) D:8
  Swamp: Lair:2-4    Shoals: Lair:2-4     Snake: Lair:2-4    Spider: Lair:2-4
    Orc: D:9-12

Altars:
Fedhas
Gozag
Qazlal
Trog
Vehumet

Shops:
D:4 ?   D:6 %[!   D:7 :}   D:10 (

Portals:
Gauntlet: Lair:3

Annotations:
D:3 2 transporters
D:11 Nergalle
Lair:1 2 transporters
Lair:3 Rupert


Message History

The wolf misses you. The wolf bites you! The wolf completely misses you.
Rupert hits you with a +2 great mace of draining!
You feel drained.
A wyvern comes into view.
The wolf bites you. The wolf closely misses you. The wolf barely misses you.
The wolf misses you. The wolf bites you. The wolf bites you!
* * * LOW HITPOINT WARNING * * *
Okay, then.
As you read the scroll of teleportation, it crumbles to dust.
You feel strangely unstable. The wolf bites you but does no damage.
The wolf misses you. The wolf bites you.
* * * LOW HITPOINT WARNING * * *
The wolf barely misses you.
You feel much better. You block the wolf's attack. The wolf barely misses you.
The wolf bites you! The wolf bites you. The wolf bites you!
* * * LOW HITPOINT WARNING * * *
The wolf bites you.
* * * LOW HITPOINT WARNING * * *
The wolf bites you!
You die...

,**,***,,,,,,,,,**,,+,,,,,,+,,,,,
,,,,,,,,,,,,,,,,,,,*,,,,,,,,,,,,,
**,***,,,,,,,,,,,,**,,,,,,,**,,,,
,*** **,.,,,,,,,,***,,,,,,,***,,.
** *,P.*,***,** **#+#,,**,,,.. *
***#..,,**##### #.####***,.. *
*,*#...####...###....#####..
*,,.......hh....#.....##.##. ***
*,,......hh@.....#.......##. ,,*
**,,......h@hh.8...##...(....
,,***,,,....h∩h#........#....##..
,,**,,,,.......#.##.......#...##.
,,,,,,,,....l.#####?...8..##.####
,,,,*,,,....$.*,,......l...#..8,#
,,***,,,......+,,..............,,
,***,,,,.....,,,..8..8.>.8.+..>,8
** *,,,*..##.,+,,,,.....l.,*,,,,,


You could see Rupert, a basilisk, a wyvern (wandering) and 9 wolves.

Vanquished Creatures
  2 hydras (Lair:2)
  4 death yaks (Lair:2)
  An unseen horror (D:10)
  2 black mambas (Lair:2)
  A spiny frog (Lair:1)
  2 rime drakes
  3 komodo dragons
  A polar bear (Lair:2)
  2 trolls
  4 hippogriffs
  Sigmund (D:5)
  10 yaks
  2 hungry ghosts
  3 basilisks
  3 fire bats (Lair:1)
  2 wyverns
  Edmund (D:5)
  4 water moccasins
  10 porcupines
  2 ice beasts
  2 black bears (D:8)
  3 orc warriors
  2 sky beasts
  2 ogres
  3 phantoms
  3 centaurs
  3 crocodiles
  2 big kobolds (D:6)
  10 bullfrogs
  3 wyvern zombies
  5 scorpions
  5 killer bees
  3 wights (D:8)
  3 howler monkeys (D:7)
  3 electric eels (D:6)
  4 crimson imps
  2 jellies
  A bullfrog zombie (D:9)
  A quasit (D:9)
  6 hounds
  2 bullfrog skeletons (D:7)
  6 orc priests
  A centaur skeleton (D:9)
  8 orc wizards
  Ijyb (D:3)
  3 iguanas
  6 worker ants
  A killer bee zombie (D:6)
  A hound zombie (D:6)
  11 gnolls
  15 adders
  3 shadow imps
  An ooze (D:3)
  A worm (D:2)
  An adder skeleton (D:5)
  An adder zombie (D:9)
  A dart slug (D:2)
  8 leopard geckos
  30 orcs
  A ball python (D:2)
  9 giant cockroaches
  40 goblins
  23 hobgoblins
  10 jackals
  7 kobolds
  10 quokkas
  5 bats
  6 frilled lizards
  A leopard gecko zombie (D:5)
  A quokka skeleton (D:7)
  11 rats
  A bush (Lair:2)
  2 fungi (D:8)
  A plant (Lair:2)
355 creatures vanquished.

Vanquished Creatures (others)
  6 fungi (D:8)
  A plant (Lair:2)
7 creatures vanquished.

Grand Total: 362 creatures vanquished

Notes
Turn   | Place    | Note
-------+----------+-------------------------------------------
     0 | D:1      | nikopol the Deep Elf Fire Elementalist began the quest for
                  | the Orb.
     0 | D:1      | Reached XP level 1. HP: 10/10 MP: 6/6
   246 | D:1      | Reached XP level 2. HP: 15/15 MP: 6/8
   549 | D:1      | Reached XP level 3. HP: 19/19 MP: 4/9
   596 | D:1      | Learned a level 2 spell: Throw Flame
   600 | D:1      | Learned a level 3 spell: Conjure Flame
  1121 | D:2      | Reached XP level 4. HP: 24/24 MP: 7/11
  1311 | D:2      | Found a stormy altar of Qazlal.
  1311 | D:2      | Found a radiant altar of Vehumet.
  1312 | D:2      | Found a blossoming altar of Fedhas.
  1328 | D:2      | Became a worshipper of Vehumet
  1755 | D:3      | Noticed Ijyb
  1768 | D:3      | Killed Ijyb
  1768 | D:3      | Reached skill level 4 in Spellcasting
  1987 | D:3      | Found a transporter.
  2126 | D:3      | Reached XP level 5. HP: 26/28 MP: 7/13
  2190 | D:3      | Found a transporter.
  2248 | D:3      | Reached * piety under Vehumet
  2248 | D:3      | Offered knowledge of Magic Dart by Vehumet.
  2301 | D:2      | Reached skill level 5 in Fire Magic
  2311 | D:2      | Learned a level 4 spell: Sticky Flame
  2506 | D:3      | You fall into a shaft and drop 3 floors!
  2552 | D:6      | Found Ytedghioq's Distillery.
  2562 | D:6      | Bought a potion of curing for 33 gold pieces
  2562 | D:6      | Bought a potion of heal wounds for 55 gold pieces
  2582 | D:6      | Found Roha's Antique Armour Emporium.
  2591 | D:6      | Reached skill level 5 in Spellcasting
  2677 | D:5      | Entered Level 5 of the Dungeon
  2752 | D:4      | Reached XP level 6. HP: 32/32 MP: 0/15
  4029 | D:4      | Reached XP level 7. HP: 36/36 MP: 14/17
  4045 | D:4      | Identified the cursed +1 ring mail of the Komodo Dragon
                  | {rF++}
  4054 | D:4      | Learned a level 5 spell: Fireball
  4085 | D:4      | Reached skill level 6 in Spellcasting
  4089 | D:4      | Offered knowledge of Shock by Vehumet.
  4155 | D:4      | Learned a level 2 spell: Blink
  4282 | D:4      | Reached ** piety under Vehumet
  4623 | D:4      | Found Rewion's Magic Scroll Boutique.
  4631 | D:4      | Bought a scroll of teleportation for 42 gold pieces
  4799 | D:5      | Noticed Edmund
  5066 | D:5      | Killed Edmund
  5077 | D:5      | Reached skill level 7 in Spellcasting
  5296 | D:5      | Noticed Sigmund
  5454 | D:5      | Reached skill level 5 in Conjurations
  5454 | D:5      | Reached XP level 8. HP: 32/42 MP: 11/21
  5570 | D:5      | Killed Sigmund
  5644 | D:5      | Reached skill level 1 in Evocations
  5860 | D:6      | Reached skill level 5 in Dodging
  5953 | D:6      | Offered knowledge of Ignite Poison by Vehumet.
  5988 | D:6      | Reached skill level 8 in Spellcasting
  6355 | D:6      | Reached *** piety under Vehumet
  6537 | D:6      | Offered knowledge of Airstrike by Vehumet.
  6592 | D:6      | Learned a level 4 spell: Airstrike
  6752 | D:6      | Reached skill level 9 in Spellcasting
  7204 | D:6      | Found Kerch's Food Emporium.
  7437 | D:7      | Found a bloodstained altar of Trog.
  7445 | D:7      | Reached XP level 9. HP: 46/46 MP: 19/24
  7470 | D:7      | Found Waats's Gadget Emporium.
  7505 | D:7      | Reached **** piety under Vehumet
  7739 | D:7      | Offered knowledge of Stone Arrow by Vehumet.
  7842 | D:7      | Reached skill level 10 in Spellcasting
  8279 | D:7      | Found a staircase to the Ecumenical Temple.
  8337 | D:7      | Found Qeozid's Book Shoppe.
  8869 | D:8      | Reached skill level 11 in Spellcasting
  8989 | D:8      | Found an opulent altar of Gozag.
  9020 | D:8      | Reached ***** piety under Vehumet
  9024 | D:8      | Found a staircase to the Lair.
  9046 | D:8      | Reached XP level 10. HP: 35/51 MP: 15/27
  9165 | D:8      | Offered knowledge of Bolt of Fire by Vehumet.
  9174 | D:8      | Learned a level 6 spell: Bolt of Fire
  9707 | D:8      | You fall into a shaft and drop 3 floors!
  9734 | D:11     | Noticed Nergalle
  9736 | D:11     | Noticed a spectral orc warlord
  9736 | D:10     | Entered Level 10 of the Dungeon
  9938 | D:10     | Found Belilios's Antique Weapon Boutique.
 10594 | D:8      | Reached skill level 1 in Fighting
 11002 | D:9      | Reached skill level 1 in Shields
 11038 | D:9      | Reached skill level 12 in Spellcasting
 11491 | D:9      | Reached skill level 10 in Fire Magic
 11992 | D:10     | Noticed an unseen horror
 11995 | D:10     | Killed an unseen horror
 11995 | D:10     | Reached skill level 10 in Conjurations
 11995 | D:10     | Reached XP level 11. HP: 39/56 MP: 21/29
 12161 | D:6      | Bought a potion of magic for 88 gold pieces
 12161 | D:6      | Bought a potion of cancellation for 88 gold pieces
 12161 | D:6      | Bought a potion of flight for 33 gold pieces
 12161 | D:6      | Bought a potion of heal wounds for 55 gold pieces
 12161 | D:6      | Bought a potion of mutation for 88 gold pieces
 12287 | Lair:1   | Entered Level 1 of the Lair of Beasts
 12287 | Lair:1   | Found a transporter.
 12317 | Lair:1   | Found a transporter.
 12479 | Lair:1   | Noticed a swamp dragon
 12479 | Lair:1   | Noticed a swamp dragon
 12480 | Lair:1   | Noticed a swamp dragon
 12603 | Lair:1   | Reached skill level 1 in Air Magic
 13209 | Lair:1   | Reached skill level 13 in Spellcasting
 14029 | Lair:2   | Noticed a six-headed hydra
 14378 | Lair:2   | Killed a six-headed hydra
 14634 | Lair:2   | Noticed a four-headed hydra
 14651 | Lair:2   | Killed a four-headed hydra
 14767 | Lair:2   | Reached skill level 14 in Spellcasting
 15066 | Lair:2   | Noticed a death yak
 15073 | Lair:2   | Killed a death yak
 15073 | Lair:2   | Reached XP level 12. HP: 61/61 MP: 11/32
 15076 | Lair:2   | Noticed a death yak
 15729 | Lair:2   | Noticed a death yak
 15732 | Lair:2   | Killed a death yak
 15732 | Lair:2   | Noticed a death yak
 15747 | Lair:2   | Killed a death yak
 15899 | Lair:2   | Killed a death yak
 15969 | Lair:3   | Found a gate leading to a gauntlet.
 15975 | Lair:3   | Noticed Rupert
 15979 | Lair:3   | Slain by a wolf

Levels and vault maps discovered:
D:1:      psy_arrival_heroes, layout_basic
D:2:      layout_rooms, gammafunk_temple_overflow_claw, serial_park_tiny_pond,
          serial_bayou_pond_e
D:3:      gammafunk_steamed_eel, layout_rooms, uniq_ijyb
D:4:      wad_river_or_something, layout_loops_ring, serial_shops, shop,
          chequers_serial_rivers_small_a
D:5:      layout_cave_pools, first_ration, uniq_edmund, uniq_sigmund
D:6:      minmay_goblin_kobold_castle, layout_loops_cross, serial_shops,
          nicolae_shop_trees, shop, nicolae_shop_behind_doors
D:7:      minmay_recursive_quarters, layout_loops_ring, old_standard_altar,
          minmay_temple_entry_slanted, serial_shops, nicolae_shop_crystal,
          nicolae_shop_trees
D:8:      layout_gridville, due_lair_maze_entry_diamond, basic_altar
D:9:      layout_gridville, minmay_misc_feat_chi
D:10:     layout_loops_ring, serial_shops, shop_statue, the_bakery,
          minmay_misc_feat_secret_circle
D:11:     layout_cave_pools, uniq_josephine, uniq_nergalle
Lair:1:   gammafunk_cloud_chamber, layout_regular_city,
          nicolae_volcano_entry_batcave, serial_bayou_pond_d,
          grunt_forest_small_clearings, st_stairs_12, grunt_megastairs_2,
          lemuel_fruit_tree, lemuel_fruit_fields
Lair:2:   layout_cave_pods, infiniplex_staircase_pool_2, serial_bayou_shore_b,
          serial_bayou_shore_b
Lair:3:   layout_roguey, gauntlet_entry_generic, nicolae_quartered_pool_super,
          serial_bayou_pond_a, grunt_megastairs_3, lemuel_fruit_fields,
          uniq_sonja, uniq_gastronok, uniq_rupert

Skill      XL: |  1  2  3  4  5  6  7  8  9 10 11 12 |
---------------+-------------------------------------+-----
Fire Magic     | 4 5 6 7 8 10 11 | 11.4
Conjurations   | 2 3 5 6 8 10 11 | 11.2
Spellcasting   | 4 5 7 9 11 12 14 | 14.5
Stealth        | 3 4 |  4.3
Dodging        | 3 4 5 6 |  6.2
Evocations     | 1 |  1.1
Fighting       | 1 |  1.2
Shields        | 2 4 |  4.1
Air Magic      | 2 |  2.4

Action                   |  1- 3 |  4- 6 |  7- 9 | 10-12 || total
-------------------------+-------+-------+-------+-------++-------
Melee: Short sword       |       |     4 |     1 |       ||     5
       Staff             |       |       |       |     1 ||     1
 Cast: Flame Tongue      |    69 |   157 |   281 |   191 ||   698
       Throw Flame       |     3 |     3 |    28 |     8 ||    42
       Conjure Flame     |       |     2 |    10 |     1 ||    13
       Sticky Flame      |       |       |    33 |    39 ||    72
       Fireball          |       |       |     6 |    49 ||    55
       Airstrike         |       |       |       |     9 ||     9
       Bolt of Fire      |       |       |       |     6 ||     6
Evoke: Wand              |       |       |     4 |       ||     4
  Use: Scroll            |       |       |       |    11 ||    11
       Potion            |       |       |       |     1 ||     1
  Eat: Chunk             |       |     9 |    15 |    19 ||    43
       Ration            |       |       |     1 |     1 ||     2
Armor: Robe              |     3 |    23 |    22 |    12 ||    60
Dodge: Dodged            |    13 |    57 |    71 |    70 ||   211
Block: Buckler           |       |       |       |    14 ||    14

Table legend:
 A = Non-vault XP
 B = Vault XP
 C = Vault XP percentage of total XP
 D = Non-vault monster count
 E = Vault monster count
 F = Vault count percentage of total count
                 A         B        C        D         E       F
            +---------+---------+-------+---------+---------+-------
      Total |   21531 |    3507 |  14.0 |     274 |      77 |  21.9
            +---------+---------+-------+---------+---------+-------
        D:1 |      56 |       0 |   0.0 |      33 |       0 |   0.0
        D:2 |      89 |       0 |   0.0 |      28 |       0 |   0.0
        D:3 |     223 |      36 |  13.9 |      29 |       1 |   3.3
        D:4 |     460 |      86 |  15.8 |      22 |       2 |   8.3
        D:5 |     409 |     386 |  48.6 |      12 |       2 |  14.3
        D:6 |     666 |     344 |  34.1 |      22 |      49 |  69.0
        D:7 |    1012 |     575 |  36.2 |      24 |       7 |  22.6
        D:8 |    1461 |    1259 |  46.3 |      26 |      11 |  29.7
        D:9 |    2807 |       0 |   0.0 |      29 |       0 |   0.0
       D:10 |    1388 |       0 |   0.0 |       9 |       0 |   0.0
       D:11 |     129 |       0 |   0.0 |       1 |       0 |   0.0
     Lair:1 |    2891 |     821 |  22.1 |      14 |       5 |  26.3
     Lair:2 |    9940 |       0 |   0.0 |      25 |       0 |   0.0
            +---------+---------+-------+---------+---------+-------
